 Dungeon Crawl Stone Soup version 0.30-a0-178-g4db885d750 (webtiles) character file.

Game seed: 72044956182986929

8 Qew7 the Magician (level 2, -4/15 HPs)
             Began as a Tengu Hedge Wizard on Oct 3, 2022.
             Slain by a gnoll
             ... wielding a +0 whip
              (6 damage)
             ... on level 1 of the Dungeon.
             The game lasted 00:02:30 (202 turns).

Qew7 the Magician (Tengu Hedge Wizard)               Turns: 202, Time: 00:02:30

Health: -4/15      AC:  2    Str: 10    XL:     2   Next: 8%
Magic:  7/7        EV: 12    Int: 14    God:
Gold:   6          SH:  0    Dex: 13    Spells: 6/7 levels left

rFire   . . .      SeeInvis .    a - +0 dagger
rCold   . . .      Faith    .    (no shield)
rNeg    . . .      Spirit   .    b - +0 robe
rPois   .          Reflect  .    c - +0 hat
rElec   .          Harm     .    (no cloak)
rCorr   .          Rampage  .    (no gloves)
Will    .....                    (boots unavailable)
Stlth   ++........               (no amulet)
HPRegen 0.22/turn                (no ring)
MPRegen 0.10/turn                (no ring)

@: attractive
A: beak, talons 3
a: no special abilities


You were on level 1 of the Dungeon.
You visited 1 branch of the dungeon, and saw 1 of its levels.

You collected 6 gold pieces.

Inventory:

Hand Weapons
 a - a +0 dagger (weapon)
Armour
 b - a +0 robe (worn)
 c - a +0 hat (worn)
Potions
 d - a potion of magic


   Skills:
 + Level 0.4 Short Blades
 + Level 2.1 Dodging
 + Level 2.0 Stealth
 + Level 3.3 Spellcasting
 + Level 1.3 Conjurations
 + Level 1.2 Summonings
 + Level 0.7 Translocations


You had 6 spell levels left.
You knew the following spells:

 Your Spells              Type           Power      Damage    Failure   Level
a - Magic Dart            Conj           24%        1d4       12%         1

Your spell library contained the following spells:

 Spells                   Type           Power      Damage    Failure   Level
 Call Imp                 Summ           5%         N/A       19%         2
 Slow                     Hex            8%         N/A       21%         1
 Blink                    Tloc           8%         N/A       24%         2
 Cigotuvi's Dreadful Rot  Necr/Pois/Air  4%         N/A       30%         2
 Mephitic Cloud           Conj/Pois/Air  3%         N/A       45%         3


Dungeon Overview and Level Annotations

Branches:
Dungeon (1/15)

Altars:


Innate Abilities, Weirdness & Mutations

You have a beak for a mouth.
You have claws for feet.


Message History

You kill the endoplasm!
You have reached level 2!
A ball python comes into view.
The ball python is attracted toward you.
A gnoll comes into view. It is wielding a +0 whip.
The ball python is attracted toward you.
The gnoll is attracted toward you.
The ball python hisses angrily.
You hit the ball python but do no damage.
The ball python bites you. The ball python barely misses you.
The gnoll is attracted toward you.
You hit the ball python.
The ball python is severely wounded.
The ball python bites you but does no damage.
The ball python barely misses you. The gnoll barely misses you.
You closely miss the ball python. You claw the ball python.
You kill the ball python!
The gnoll closely misses you.
You closely miss the gnoll. You peck the gnoll, but do no damage.
The gnoll hits you with a +0 whip.
You barely miss the gnoll. You peck the gnoll, but do no damage.
The gnoll hits you but does no damage.
You hit the gnoll but do no damage. You peck the gnoll, but do no damage.
The gnoll hits you with a +0 whip!
Ouch! That really hurt!
* * * LOW HITPOINT WARNING * * *
You hit the gnoll. You peck the gnoll, but do no damage.
The gnoll is lightly wounded.
The gnoll barely misses you.
You hit the gnoll but do no damage.
The gnoll is lightly wounded.
The gnoll closely misses you.
You barely miss the gnoll.
The gnoll is lightly wounded.
The gnoll hits you with a +0 whip.
* * * LOW HITPOINT WARNING * * *
You hit the gnoll but do no damage. Your peck misses the gnoll.
The gnoll is lightly wounded.
The gnoll hits you with a +0 whip.
You die...

..........##'######..#
###########...........
..........)..#.####.#
#..###########.# .
##.## ###.#######..
#..## #............
##..##
####............
##..###.##.....g......
##.....##....@.......
###.#.##...........#
#.#.##...........#
#.#.##...........#
#.#.##...........#
#.#.##...........#
#.#......#########
#.######. #.#


You could see a gnoll.

Vanquished Creatures
  3 ball pythons (D:1)
  An endoplasm (D:1)
  A kobold (D:1)
  A bat (D:1)
  A goblin (D:1)
7 creatures vanquished.

Notes
Turn   | Place    | Note
-------+----------+-------------------------------------------
     0 | D:1      | Qew7 the Tengu Hedge Wizard began the quest for the Orb.
     0 | D:1      | Reached XP level 1. HP: 10/10 MP: 5/5
   188 | D:1      | Reached XP level 2. HP: 15/15 MP: 7/7
   202 | D:1      | Slain by a gnoll

Illustrated notes

Levels and vault maps discovered:
D:1:      dpeg_arrival_water_temple_mockup, layout_basic,
          shapermc_ecumenical_altar_ellora, minivault_26

Action                   || total
-------------------------++-------
Melee: Dagger            ||    33
       Peck              ||     9
       Kick              ||     3
  Use: Scroll            ||     2
       Potion            ||     1
Armor: Robe              ||     7
Dodge: Dodged            ||    21

Table legend: (Time is in decaauts)
 A = Elapsed time spent in this place.
 B = Non-inter-level travel time spent in this place.
 C = Inter-level travel time spent in this place.
 D = Time resting spent in this place.
 E = Time spent auto-exploring this place.
 F = Levels seen in this place.
 G = Mean time per level.
                   A        B        C        D        E       F      G
               +--------+--------+--------+--------+--------+-----+--------+
         Total |    201 |    155 |     46 |      0 |     95 |   1 |  201.0 |
       Dungeon |    201 |    155 |     46 |      0 |     95 |   1 |  201.0 |
               +--------+--------+--------+--------+--------+-----+--------+

Top non-repeatable levels by time:
     D:1: 201 daAuts
